 Dungeon Crawl Stone Soup version 0.23.2-40-g277498a (webtiles) character file.

Game seed: 8884233506951930499

223 SgtKobold the Ruffian (level 6, -2/52 HPs)
             Began as a Ghoul Monk on Sept 28, 2019.
             Slain by a goblin (3 damage)
             ... led by Robin
             ... on level 4 of the Dungeon.
             The game lasted 00:18:15 (1949 turns).

SgtKobold the Ruffian (Ghoul Monk)                  Turns: 1949, Time: 00:18:15

Health: -2/52      AC:  8    Str: 16    XL:     6   Next: 0%
Magic:  5/5        EV:  7    Int:  5    God:
Gold:   77         SH:  5    Dex: 12    Spells: 5/5 levels left

rFire    + . .     SeeInvis .     - Unarmed
rCold    + . .     Gourm    .   u - +2 buckler
rNeg     + + +     Faith    .   n - +0 chain mail {rF+}
rPois    ∞         Spirit   .   (no helmet)
rElec    .         Reflect  .   g - scarf {cloud immunity}
rCorr    .         Harm     .   (no gloves)
MR       .....                  (no boots)
Stlth    ..........             (no amulet)
HPRegen  0.00/turn              (no ring)
MPRegen  0.09/turn              (no ring)

@: rotting
A: rotting body, claws 1, carnivore, cold resistance 1, negative energy
resistance 3, inhibited regeneration, torment resistance, unbreathing
a: no special abilities


You were on level 4 of the Dungeon.
You were not hungry.

You visited 1 branch of the dungeon, and saw 4 of its levels.

You collected 77 gold pieces.

Inventory:

Hand Weapons
 i - a +0 dagger
 j - a +0 dagger
 k - a +0 club
 l - a +0 hunting sling
 m - a +1 short sword
Missiles
 c - 13 stones (quivered)
 e - 46 arrows
Armour
 a - a +0 robe
 g - a scarf of cloud immunity (worn)
 h - a +0 plate armour
 n - a +0 chain mail of fire resistance (worn)
 p - a +0 robe
 u - a +2 buckler (worn)
Scrolls
 f - 2 scrolls of identify
 r - a scroll of fear
 s - a scroll of teleportation
 t - 2 scrolls of magic mapping
Comestibles
 b - 3 rations
 d - 3 chunks of flesh


   Skills:
 + Level 4.1 Fighting
 + Level 1.9 Armour
 + Level 3.3 Dodging
 + Level 2.2 Stealth
 + Level 0.7 Shields
 + Level 5.3 Unarmed Combat


You had 5 spell levels left.
You didn't know any spells.
Your spell library was empty.

Dungeon Overview and Level Annotations

Branches:
Dungeon (4/15)
 Temple: D:4-7

Altars:

Annotations:
D:4 Robin


Innate Abilities, Weirdness & Mutations

Your body is rotting away.
You thrive on raw meat.
You are immune to poison.
You have sharp fingernails.
You are carnivorous and can eat meat at any time.
Your flesh is cold resistant. (rC+)
You are immune to negative energy. (rN+++)
You do not regenerate when monsters are visible.
You are immune to unholy pain and torment.
You can survive without breathing.


Message History

You block the goblin's attack. The goblin hits you.
* * * LOW HITPOINT WARNING * * *
You miss the goblin. The goblin hits you but does no damage.
The goblin hits you.
* * * LOW HITPOINT WARNING * * *
The goblin barely misses you. The goblin hits you but does no damage.
You scratch the goblin but do no damage.
The goblin hits you.
* * * LOW HITPOINT WARNING * * *
The goblin hits you.
* * * LOW HITPOINT WARNING * * *
The goblin barely misses you.
You scratch the goblin.
You kill the goblin!
You have reached level 6!
Your experience leads to an increase in your attributes!
Increase (S)trength, (I)ntelligence, or (D)exterity?
You feel agile. Robin throws the goblin at you! The goblin hits you.
You die...

... #..
#####.# ..##.#
#
#######.#..#.#
#.....g....#.#
#..g)gg.#.#
#..#)@g...#
#.........#
#....##<#.#
♣.....#.# #
♣..#.....
♣.......#.
...#####.#.#
P♣. ..# # ###


You could see Robin, a hobgoblin and 3 goblins.

Vanquished Creatures
  A phantom (D:3)
  An orc priest (D:3)
  An adder (D:3)
  2 oozes
  An adder zombie (D:2)
  3 worms
  2 dart slugs
  2 leopard geckos (D:1)
  2 orcs (D:3)
  2 ball pythons
  4 bats
  5 giant cockroaches
  11 goblins
  7 hobgoblins
  8 jackals
  6 kobolds
  A quokka (D:2)
  3 frilled lizards
  9 rats
71 creatures vanquished.

Notes
Turn   | Place    | Note
-------+----------+-------------------------------------------
     0 | D:1      | SgtKobold the Ghoul Monk began the quest for the Orb.
     0 | D:1      | Reached XP level 1. HP: 19/19 MP: 0/0
   147 | D:1      | Reached XP level 2. HP: 13/26 MP: 1/1
   324 | D:1      | Reached XP level 3. HP: 14/30 MP: 2/2
   791 | D:2      | Reached skill level 4 in Unarmed Combat
   881 | D:2      | Reached XP level 4. HP: 15/40 MP: 3/3
  1207 | D:3      | Noticed a phantom
  1569 | D:3      | Killed a phantom
  1569 | D:3      | Reached skill level 1 in Armour
  1569 | D:3      | Reached XP level 5. HP: 7/46 MP: 4/4
  1882 | D:3      | Reached skill level 5 in Unarmed Combat
  1940 | D:4      | Noticed Robin
  1948 | D:4      | HP: 1/46 [goblin[Robin] (2)]
  1949 | D:4      | Reached XP level 6. HP: 1/52 MP: 5/5
  1949 | D:4      | Slain by a goblin

Skill      XL: |  1  2  3  4  5 |
---------------+----------------+-----
Dodging        | 3 |  3.3
Unarmed Combat | 4 5 |  5.3
Fighting       | 4 |  4.1
Armour         | 1 |  1.9
Stealth        | |  2.2
Shields        | |  0.7

Action                   |  1- 3 |  4- 6 || total
-------------------------+-------+-------++-------
Melee: Unarmed           |   107 |   177 ||   284
Throw: Stone             |       |     1 ||     1
  Use: Potion            |       |     2 ||     2
       Scroll            |       |     6 ||     6
  Eat: Chunk             |    10 |     8 ||    18
       Ration            |       |     3 ||     3
Armor: Robe              |     5 |       ||     5
       Plate armour      |    33 |       ||    33
       Chain mail        |    41 |   129 ||   170
Dodge: Dodged            |    48 |    59 ||   107
Block: Buckler           |       |    45 ||    45
